 Dungeon Crawl Stone Soup version 0.32-a0-931-g5a2cda0630 (webtiles) character file.

Game seed: 11539723627700959630

82 Biggs the Sneak (level 4, -4/23 HPs)
             Began as a Vine Stalker Brigand on Apr 14, 2024.
             Slain by an orc
             ... wielding a +0 morningstar
              (10 damage)
             ... on level 3 of the Dungeon.
             The game lasted 00:03:15 (549 turns).

Biggs the Sneak (Vine Stalker Brigand)               Turns: 549, Time: 00:03:16

Health: -4/23      AC:  3    Str: 14    XL:     4   Next: 43%
Magic:  0/5        EV: 10    Int: 11    God:
Gold:   59         SH:  0    Dex: 17    Spells: 3/3 levels left

rFire   . . .        a - +2 dagger
rCold   . . .        (no shield)
rNeg    . . .        b - +0 robe
rPois   .            (no helmet)
rElec   .            c - +0 cloak
rCorr   .            (no gloves)
SInv    .            (no boots)
Will    .....        (no amulet)
Stlth   +++          (no ring)
HPRegen 1.03/turn    (no ring)
MPRegen 0.09/turn

%: guardian spirit
@: no status effects
A: fangs 2, regeneration 1, magic shield, antimagic bite, no potion heal 2
a: no special abilities


You were on level 3 of the Dungeon.
You visited 1 branch of the dungeon, and saw 3 of its levels.

You collected 59 gold pieces.

Inventory:

Hand Weapons
 a - a +2 dagger (weapon)
Missiles
 d - 9 poisoned darts (quivered)
 e - 3 curare-tipped darts
Armour
 b - a +0 robe (worn)
 c - a +0 cloak (worn)
Scrolls
 f - a scroll of poison {unknown}
Potions
 g - a potion of enlightenment {unknown}
 h - a potion of curing {unknown}


   Skills:
 - Level 1.7 Fighting
 + Level 4.1 Short Blades
 - Level 1.7 Throwing
 - Level 0.7 Dodging
 - Level 4.8 Stealth


You had 3 spell levels left.
You didn't know any spells.
Your spell library was empty.

Dungeon Overview and Level Annotations

Branches:
Dungeon (3/15)

Altars:


Innate Abilities, Weirdness & Mutations

You have extremely sharp teeth.
Your natural rate of healing is unusually fast.
When hurt, damage is shared between your health and your magic reserves.
Your bite disrupts and absorbs the magic of your enemies.
Potions cannot restore your health.


Message History

a +0 dagger; a goblin corpse; a bat corpse
There is a stone staircase leading down here.
You climb downwards.
There is a stone staircase leading up here.
Found a stone staircase leading down.
Found 15 gold pieces.
An adder comes into view.
Found 5 gold pieces.
Found a stone staircase leading up.
The helpless adder fails to defend itself.
You impale the adder!!
You kill the adder!
You now have 54 gold pieces (gained 15).
You now have 59 gold pieces (gained 5).
You open the door.
An orc priest and 2 orcs come into view.
The orc shouts!
The orc priest shouts!
An orc comes into view. It is wielding a +0 mace.
The orc shouts!
Found a falchion and a scroll labelled VUZUXE NYZAPUM.
There is an open door here.
The orc shouts!
The orc priest invokes the aid of Beogh against you.
Beogh smites you!
The orc priest mumbles some strange prayers to Beogh against you.
Beogh smites you!
The orc priest shouts, "The Pantheon deserves no one's loyalty.
Let us show you the true path!" (press Y on the ability menu to convert to Beogh)
The orc barely misses you.
The orc priest casts a cantrip, but nothing happens.
You barely miss the orc.
The orc priest shouts, "Surrender to Beogh and we'll let you live!"
Your bite misses the orc. The orc barely misses you.
You barely miss the orc. The orc hits you with a +0 morningstar!
* * * LOW HITPOINT WARNING * * *
Unknown command.
You closely miss the orc. You bite the orc, but do no damage.
The orc closely misses you.
Unknown command.
The orc attacks as it pursues you! The orc hits you with a +0 morningstar!
You die...

#......................#
#......................#
#......................#
####...................#
#<..####............#
##..# #..^.........#
....# #............#
##..#####...o........#
>.........@#.########
ß...#######.#.# .....
..#o# .. ####o# #'#
.......o....#
............#
.....)......#
....?.......#


You could see an orc.

Vanquished Creatures
  Jessica (D:2)
  2 adders
  3 ribbon worms (D:2)
  4 ball pythons
  3 giant cockroaches
  4 goblins
  A hobgoblin (D:1)
  4 jackals (D:2)
  A quokka (D:2)
  5 bats
  A rat (D:1)
29 creatures vanquished.

Notes
Turn   | Place    | Note
-------+----------+-------------------------------------------
     0 | D:1      | Biggs the Vine Stalker Brigand began the quest for the Orb.
     0 | D:1      | Reached XP level 1. HP: 11/11 MP: 2/2
   107 | D:1      | Reached XP level 2. HP: 15/15 MP: 3/3
   263 | D:2      | Reached XP level 3. HP: 18/18 MP: 4/4
   460 | D:2      | Noticed Jessica
   468 | D:2      | Killed Jessica
   469 | D:2      | Reached XP level 4. HP: 23/23 MP: 5/5
   544 | D:3      | HP: 1/23 [orc/+0 morningstar (11)]
   549 | D:3      | Slain by an orc

Illustrated notes

Levels and vault maps discovered:
D:1:      heliophobic_arrival_henge, layout_loops_cross,
          ebering_ecumenical_altar_box
D:2:      layout_basic, uniq_jessica, uniq_sigmund
D:3:      wander_river, layout_basic, nicolae_uskayaw_murder_on_the_dancefloor,
          serial_glass, glass_columns_b, glass_columns_b

Skill      XL: |  1  2  3 |
---------------+----------+-----
Short Blades   | 2 3 4 |  4.1
Fighting       | |  1.7
Throwing       | |  1.7
Dodging        | |  0.7
Stealth        | |  4.8

Action                     |  1- 3 |  4- 6 || total
---------------------------+-------+-------++-------
  Melee: Dagger            |    71 |    20 ||    91
         Bite              |    15 |     3 ||    18
   Stab: Sleeping          |     8 |     1 ||     9
 Armour: Robe              |    48 |     9 ||    57
  Dodge: Dodged            |    59 |     6 ||    65

Table legend: (Time is in decaauts)
 A = Elapsed time spent in this place.
 B = Non-inter-level travel time spent in this place.
 C = Inter-level travel time spent in this place.
 D = Time resting spent in this place.
 E = Time spent auto-exploring this place.
 F = Levels seen in this place.
 G = Mean time per level.
                   A        B        C        D        E       F      G
               +--------+--------+--------+--------+--------+-----+--------+
         Total |    534 |    534 |      0 |      0 |      0 |   3 |  178.0 |
       Dungeon |    534 |    534 |      0 |      0 |      0 |   3 |  178.0 |
               +--------+--------+--------+--------+--------+-----+--------+

Top non-repeatable levels by time:
     D:2: 314 daAuts
     D:1: 182 daAuts
     D:3: 37 daAuts
